 Dungeon Crawl Stone Soup version 0.30.1-9-gdf580d7c3d (webtiles) character file.

Game seed: 16601682259279681526

4665 MacCMillion the Frost Mage (level 10, -2/66 HPs)
             Began as a Gnoll Ice Elementalist on June 23, 2023.
             Was a Priest of Hepliaklqana.
             Slain by a vampire (7 damage)
             ... on level 9 of the Dungeon on Oct 6, 2023.
             The game lasted 00:24:54 (10830 turns).

MacCMillion the Frost Mage (GnIE)                  Turns: 10830, Time: 00:24:55

Health: -2/66      AC: 17    Str:  9    XL:     10   Next: 44%
Magic:  16/21      EV: 12    Int: 18    God:    Hepliaklqana [***...]
Gold:   533        SH:  0    Dex: 12    Spells: 8/24 levels left

rFire   + . .        j - +2 whip (venom)
rCold   . . .        (no shield)
rNeg    + . .        d - +0 ring mail
rPois   .            t - +0 helmet
rElec   .            (no cloak)
rCorr   .            u - +0 pair of gloves of the Sun {rF+ rN+}
SInv    .            (no boots)
Will    .....        (no amulet)
Stlth   +++          f - +4 ring of protection
HPRegen 0.31/turn    (no ring)
MPRegen 0.17/turn

%: no passive effects
@: ice-armoured, about to teleport
A: reduced essence, fangs 1, strong nose, distributed training
a: Renounce Religion, Recall Ancestor, Ancestor Identity, Transference


You were on level 9 of the Dungeon.
You worshipped Hepliaklqana.
Hepliaklqana was most pleased with you.
You visited 2 branches of the dungeon, and saw 10 of its levels.

You collected 598 gold pieces.
You spent 65 gold pieces at shops.

Inventory:

Hand Weapons
 j - a +2 whip of venom (weapon)
Missiles
 n - 3 throwing nets
Armour
 a - a +0 robe
 d - a +0 ring mail (worn)
 r - a +0 buckler
 t - a +0 helmet (worn)
 u - the +0 pair of gloves of the Sun (worn) {rF+ rN+}
   (You found it on level 2 of the Dungeon)

   rF:        It protects you from fire.
   rN:        It protects you from negative energy.
Jewellery
 f - a +4 ring of protection (left hand)
 B - an amulet of guardian spirit
 E - an amulet of regeneration
 I - a ring of poison resistance
Wands
 G - a wand of charming (10)
Scrolls
 e - 2 scrolls of blinking {unknown}
 g - 2 scrolls of teleportation
 h - 2 scrolls of immolation {unknown}
 i - 3 scrolls of fear {unknown}
 k - a scroll of poison
 l - 2 scrolls of butterflies {unknown}
 o - 4 scrolls of enchant armour
 v - 2 scrolls of fog {unknown}
 w - a scroll of brand weapon
 x - 2 scrolls of acquirement {unknown}
 y - 2 scrolls of vulnerability
 H - a scroll of identify
 J - a scroll of amnesia {unknown}
Potions
 b - a potion of magic
 c - 3 potions of haste
 m - a potion of curing
 p - 2 potions of attraction
 q - a potion of heal wounds
 s - 4 potions of might
 z - a potion of lignification
 A - a potion of degeneration {unknown}
 C - 2 potions of mutation {unknown}
 D - a potion of invisibility {unknown}
 F - a potion of flight {unknown}
 K - a potion of ambrosia {unknown}


   Skills:
 + Level 5.4 Fighting
 + Level 5.4 Short Blades
 + Level 5.4 Long Blades
 + Level 5.4 Axes
 + Level 5.4 Maces & Flails
 + Level 5.4 Polearms
 + Level 5.4 Staves
 + Level 5.4 Ranged Weapons
 + Level 5.4 Throwing
 + Level 5.4 Armour
 + Level 7.2 Dodging
 + Level 7.0 Stealth
 + Level 5.4 Shields
 + Level 5.4 Unarmed Combat
 + Level 7.5 Spellcasting
 + Level 4.5 Conjurations
 + Level 4.5 Hexes
 + Level 4.5 Summonings
 + Level 4.5 Necromancy
 + Level 4.5 Translocations
 + Level 4.5 Transmutations
 + Level 4.5 Fire Magic
 + Level 8.5 Ice Magic
 + Level 4.5 Air Magic
 + Level 4.5 Earth Magic
 + Level 4.5 Poison Magic
 + Level 6.0 Invocations
 + Level 5.4 Evocations


You had 8 spell levels left.
You knew the following spells:

 Your Spells              Type           Power      Damage    Failure   Level
a - Freeze                Ice            100%       1d10      1%          1
b - Frozen Ramparts       Ice            74%        1d12      2%          3
c - Ozocubu's Armour      Ice            37%        N/A       2%          3
d - Summon Ice Beast      Ice/Summ       30%        N/A       17%         4
e - Freezing Cloud        Conj/Ice/Air   13%        6-21      54%         5

Your spell library contained the following spells:

 Spells                   Type           Power      Damage    Failure   Level
 Apportation              Tloc           46%        N/A       4%          1
 Kiss of Death            Conj/Necr      92%        2d12      4%          1
 Necrotise                Necr           92%        1d8       4%          1
 Summon Small Mammal      Summ           92%        N/A       4%          1
 Cigotuvi's Dreadful Rot  Necr/Pois/Air  46%        N/A       6%          2
 Confusing Touch          Hex            23%        N/A       12%         3
 Ignite Poison            Fire/Tmut/Pois 23%        N/A       12%         3
 Dispel Undead            Necr           23%        3d12      38%         4
 Leda's Liquefaction      Hex/Erth       11%        N/A       38%         4
 Lee's Rapid Deconstruct  Erth           11%        3d8*      75%         5
 Statue Form              Tmut/Erth      15%        N/A       99%         6


Dungeon Overview and Level Annotations

Branches:
Dungeon (9/15)             Temple (1/1) D:4            Lair (0/5) D:8
    Orc: D:9-12

Altars:
Ashenzari
Dithmenos
Elyvilon
Fedhas
Hepliaklqana
Kikubaaqudgha
Makhleb
Nemelex Xobeh
Okawaru
Qazlal
Ru
Sif Muna
Trog
Uskayaw
Wu Jian
Yredelemnul
The Shining One

Shops:
D:4 !   D:7 (   D:8 *


Innate Abilities, Weirdness & Mutations

Your life essence is reduced to manifest your ancestor. (-10% HP)
You have very sharp teeth.
Your uncanny sense of smell can sniff out nearby items.
Your experience applies equally to all skills.


Message History

An ice beast comes into view.
Something hits you but does no damage. Something bites you!
Something draws strength from your injuries!
Something hits you! Something bites you.
Something draws strength from your injuries!
Casting: Ozocubu's Armour (dangerous; 2% risk of failure)
Confirm with . or Enter, or press ? or * to list all spells.
A film of ice covers your body! Something hits you but does no damage.
Something bites you!
Something draws strength from your injuries!
Kateb hits something with a +0 flail.
Your icy armour will break if you move.
Continue? [Y]es or [N]o only, please.
Your icy armour will break if you move.
Continue? [Y]es or [N]o only, please.
Your icy armour will break if you move.
Continue? [Y]es or [N]o only, please.
Your icy armour will break if you move.
Continue?
You hit something but do no damage. Something hits you.
Something bites you but does no damage.
Your icy armour will break if you move.
Continue? [Y]es or [N]o only, please.
Your icy armour will break if you move.
Continue? [Y]es or [N]o only, please.
Your icy armour will break if you move.
Continue? [Y]es or [N]o only, please.
Your icy armour will break if you move.
Continue? [Y]es or [N]o only, please.
Your icy armour will break if you move.
Continue?
You barely miss something. Something hits you but does no damage.
Something bites you!
Something draws strength from your injuries!
Kateb hits something with a +0 flail!
Something hits you!
* * * LOW HITPOINT WARNING * * *
Something barely misses you.
As you read the scroll of teleportation, it crumbles to dust.
You feel strangely unstable. Something hits you!
* * * LOW HITPOINT WARNING * * *
Something bites you!
You die...

≈≈≈~....# #.# ≈≈≈~....# #.#
≈≈≈~....## #.# ≈≈~......# #.#
≈≈~......# #####.#########
≈≈S......######.[).<).[.../..
≈≈~......[.....#.[##<##......
≈≈~...........###.##.# .).>..
≈≈~......Y.{@## ##.#..∆......
≈≈~........R## #..######..
≈≈≈.......##.# #.# .
≈≈~........ ..# ∆.##
≈≈~......#####.# # ∆
≈~......# #. ≈....# ## ....


You could see the friendly Kateb the knight and an ice beast.

Vanquished Creatures
  Joseph (D:7)
  A troll (D:9)
  A steam dragon (D:7)
  A wyvern (D:9)
  Menkaure (D:6)
  3 sky beasts
  A black bear (D:8)
  3 ice beasts
  A centaur (D:6)
  A phantom (D:7)
  A kobold brigand (D:6)
  3 bullfrogs
  3 scorpions
  A wight (D:8)
  6 killer bees (D:7)
  An electric eel (D:6)
  2 howler monkeys (D:8)
  2 jellies
  A hound (D:4)
  3 orc priests
  A sleepcap (D:8)
  5 orc wizards
  2 iguanas (D:4)
  9 gnolls
  5 adders
  2 shadow imps (D:4)
  2 white imps (D:4)
  6 ufetubi
  A worm (D:3)
  A dart slug (D:2)
  26 orcs
  4 ball pythons
  10 endoplasms
  2 giant cockroaches
  3 goblins
  4 hobgoblins
  2 quokkas
  2 bats
  9 frilled lizards
  12 kobolds
  9 rats
154 creatures vanquished.

Vanquished Creatures (collateral kills)
  An orc warrior (D:9)
  3 ice beasts
  A black bear (D:7)
  2 ogres
  A centaur (D:6)
  2 kobold brigands
  2 bullfrogs (D:6)
  A scorpion (D:7)
  3 wights
  3 howler monkeys
  A sleepcap (D:6)
  2 adders
  2 gnolls (D:8)
  A shadow imp (D:6)
  5 orcs
  2 kobolds
32 creatures vanquished.

Vanquished Creatures (others)
  A knight (D:7)
  An orc (D:6)
2 creatures vanquished.

Grand Total: 188 creatures vanquished

Notes
Turn   | Place    | Note
-------+----------+-------------------------------------------
     0 | D:1      | MacCMillion the Gnoll Ice Elementalist began the quest for
                  | the Orb.
     0 | D:1      | Reached XP level 1. HP: 13/13 MP: 6/6
     0 | D:1      | Upgraded the game from 0.30.0-29-ga12c61a403 to
                  | 0.30.0-30-g96aa6591b8
     0 | D:1      | Upgraded the game from 0.30.0-30-g96aa6591b8 to 0.30.1
  1145 | D:2      | Reached XP level 2. HP: 19/19 MP: 5/7
  1370 | D:2      | Reached skill level 5 in Spellcasting
  1370 | D:2      | Reached XP level 3. HP: 18/25 MP: 6/9
  1374 | D:2      | Learned a level 3 spell: Frozen Ramparts
  1378 | D:2      | Learned a level 3 spell: Ozocubu's Armour
  1559 | D:2      | Identified the +0 pair of gloves of the Sun {rF+ rN+}
  1578 | D:2      | Reached skill level 1 in Invocations
  1592 | D:2      | Reached skill level 1 in Fighting
  1592 | D:2      | Reached skill level 1 in Short Blades
  1592 | D:2      | Reached skill level 1 in Long Blades
  1592 | D:2      | Reached skill level 1 in Axes
  1592 | D:2      | Reached skill level 1 in Maces & Flails
  1592 | D:2      | Reached skill level 1 in Polearms
  1592 | D:2      | Reached skill level 1 in Staves
  1592 | D:2      | Reached skill level 1 in Ranged Weapons
  1592 | D:2      | Reached skill level 1 in Throwing
  1592 | D:2      | Reached skill level 1 in Armour
  1592 | D:2      | Reached skill level 1 in Shields
  1592 | D:2      | Reached skill level 1 in Unarmed Combat
  1592 | D:2      | Reached skill level 1 in Evocations
  1608 | D:2      | Reached XP level 4. HP: 23/32 MP: 3/11
  1906 | D:2      | Reached skill level 1 in Conjurations
  1906 | D:2      | Reached skill level 1 in Hexes
  1906 | D:2      | Reached skill level 1 in Summonings
  1906 | D:2      | Reached skill level 1 in Necromancy
  1906 | D:2      | Reached skill level 1 in Translocations
  1906 | D:2      | Reached skill level 1 in Transmutations
  1906 | D:2      | Reached skill level 1 in Fire Magic
  1906 | D:2      | Reached skill level 1 in Air Magic
  1906 | D:2      | Reached skill level 1 in Earth Magic
  1906 | D:2      | Reached skill level 1 in Poison Magic
  2300 | D:3      | Reached XP level 5. HP: 36/37 MP: 9/12
  2361 | D:3      | Found a faded altar of an unknown god.
  3149 | D:4      | Reached XP level 6. HP: 38/44 MP: 5/14
  3225 | D:4      | Reached skill level 5 in Dodging
  3738 | D:4      | Reached XP level 7. HP: 44/50 MP: 8/15
  3814 | D:4      | Found Fulade's Distillery.
  3822 | D:4      | Found a staircase to the Ecumenical Temple.
  3831 | Temple   | Entered the Ecumenical Temple
  4021 | Temple   | Upgraded the game from 0.30.1 to 0.30.1-1-g62c8e00024
  4021 | Temple   | Upgraded the game from 0.30.1-1-g62c8e00024 to
                  | 0.30.1-3-gfc49f6343a
  4021 | Temple   | Upgraded the game from 0.30.1-3-gfc49f6343a to
                  | 0.30.1-4-g462c640d31
  4021 | Temple   | Upgraded the game from 0.30.1-4-g462c640d31 to
                  | 0.30.1-9-gdf580d7c3d
  4058 | Temple   | Became a worshipper of Hepliaklqana the Forgotten
  4113 | D:4      | Bought a potion of heal wounds for 65 gold pieces
  4285 | D:4      | Found a sacrificial altar of Ru.
  4374 | D:5      | Entered Level 5 of the Dungeon
  4696 | D:5      | Reached * piety under Hepliaklqana
  5329 | D:5      | Reached skill level 5 in Stealth
  5818 | D:6      | Reached ** piety under Hepliaklqana
  5819 | D:6      | Remembered your ancestor Kateb as a knight
  5920 | D:6      | Reached XP level 8. HP: 52/52 MP: 16/16
  6531 | D:6      | Noticed Menkaure
  6678 | D:6      | Killed Menkaure
  7342 | D:6      | Learned a level 4 spell: Summon Ice Beast
  7348 | D:6      | Learned a level 5 spell: Freezing Cloud
  7349 | D:7      | Found Bareowan's Weapon Shop.
  7442 | D:7      | Reached XP level 9. HP: 58/58 MP: 14/18
  7624 | D:7      | Reached skill level 8 in Ice Magic
  7820 | D:7      | Noticed a +0 dagger
  7822 | D:7      | Noticed a +0 short sword
  7822 | D:7      | Noticed a +0 spear
  7823 | D:7      | Noticed a +0 falchion
  7824 | D:7      | Noticed a +0 dagger
  7824 | D:7      | Noticed a +0 spear
  7824 | D:7      | Noticed a +0 falchion
  7828 | D:7      | Noticed a +0 short sword
  8280 | D:7      | Found a hide-covered altar of Uskayaw.
  8296 | D:7      | Reached skill level 5 in Invocations
  8612 | D:7      | Noticed Joseph
  8633 | D:7      | Killed Joseph
  9218 | D:8      | Found Mejoamae's Overcharged Wands.
  9235 | D:8      | Reached *** piety under Hepliaklqana
  9540 | D:8      | Found a staircase to the Lair.
  9737 | D:8      | Reached skill level 5 in Fighting
  9737 | D:8      | Reached skill level 5 in Short Blades
  9737 | D:8      | Reached skill level 5 in Long Blades
  9737 | D:8      | Reached skill level 5 in Axes
  9737 | D:8      | Reached skill level 5 in Maces & Flails
  9737 | D:8      | Reached skill level 5 in Polearms
  9737 | D:8      | Reached skill level 5 in Staves
  9737 | D:8      | Reached skill level 5 in Ranged Weapons
  9737 | D:8      | Reached skill level 5 in Throwing
  9737 | D:8      | Reached skill level 5 in Armour
  9737 | D:8      | Reached skill level 5 in Shields
  9737 | D:8      | Reached skill level 5 in Unarmed Combat
  9737 | D:8      | Reached skill level 5 in Evocations
  9737 | D:8      | Reached XP level 10. HP: 39/66 MP: 20/20
 10830 | D:9      | Slain by a vampire

Illustrated notes

Levels and vault maps discovered:
D:1:      sevenhm_arrival_forest_fort_large_2, layout_basic,
          hangedman_decor_riveting, st_stairs_9
D:2:      layout_basic, minmay_lizard_pond
D:3:      layout_basic, ebering_ecumenical_altar_rust
D:4:      layout_cave_pools, nicolae_ru_sacrificial_ziggurat,
          minmay_temple_entry_statues_pillars, serial_demonic, serial_demonic_a,
          serial_demonic_d, serial_demonic_e, serial_demonic_b,
          serial_demonic_e, serial_shops, shop, serial_park_tiny_2
D:5:      layout_layer_cave, st_stairs_6
D:6:      layout_gridville, nicolae_lava_and_water, uniq_menkaure
D:7:      layout_cave_pools, nicolae_uskayaw_en_pointe, serial_shops,
          nicolae_shop_bloodbath_and_beyond, uniq_joseph
D:8:      layout_loops_corners, dpeg_oklobed_lair,
          nicolae_shop_overcharged_wands
D:9:      minmay_twisted_water, layout_loops_cross, lemuel_round_altar,
          mainiacjoe_overflow_alcove_3
Temple:   regret_index_temple_waves

Skill      XL: |  1  2  3  4  5  6  7  8  9 10 |
---------------+-------------------------------+-----
Spellcasting   | 5 6 7 |  7.5
Invocations    | 1 2 3 4 5 6 |  6.0
Fighting       | 1 2 3 5 |  5.4
Short Blades   | 1 2 3 5 |  5.4
Long Blades    | 1 2 3 5 |  5.4
Axes           | 1 2 3 5 |  5.4
Maces & Flails | 1 2 3 5 |  5.4
Polearms       | 1 2 3 5 |  5.4
Staves         | 1 2 3 5 |  5.4
Ranged Weapons | 1 2 3 5 |  5.4
Throwing       | 1 2 3 5 |  5.4
Armour         | 1 2 3 5 |  5.4
Shields        | 1 2 3 5 |  5.4
Unarmed Combat | 1 2 3 5 |  5.4
Evocations     | 1 2 3 5 |  5.4
Conjurations   | 1 2 3 4 |  4.5
Hexes          | 1 2 3 4 |  4.5
Summonings     | 1 2 3 4 |  4.5
Necromancy     | 1 2 3 4 |  4.5
Translocations | 1 2 3 4 |  4.5
Transmutations | 1 2 3 4 |  4.5
Fire Magic     | 1 2 3 4 |  4.5
Air Magic      | 1 2 3 4 |  4.5
Earth Magic    | 1 2 3 4 |  4.5
Poison Magic   | 1 2 3 4 |  4.5
Dodging        | 5 6 7 |  7.2
Stealth        | 5 6 7 |  7.0
Ice Magic      | 8 |  8.5

Action                     |  1- 3 |  4- 6 |  7- 9 | 10-12 || total
---------------------------+-------+-------+-------+-------++-------
  Melee: Unarmed           |     3 |       |       |       ||     3
         Whip              |    15 |    95 |   127 |    75 ||   312
         Bite              |       |    15 |    13 |    12 ||    40
         Punch             |       |     4 |     7 |     2 ||    13
   Cast: Freeze            |    23 |    12 |     6 |       ||    41
         Frozen Ramparts   |     3 |    17 |    27 |     6 ||    53
         Ozocubu's Armour  |       |     9 |     6 |     9 ||    24
 Invoke: Ancestor Life: Kn |       |       |     1 |       ||     1
         Recall Ancestor   |       |       |       |     2 ||     2
    Use: Scroll            |       |       |     9 |     1 ||    10
         Potion            |       |       |     1 |     2 ||     3
   Stab: Sleeping          |       |     4 |     4 |       ||     8
         Distracted        |       |       |     1 |       ||     1
 Armour: Robe              |     2 |    16 |    25 |       ||    43
         Ring mail         |       |       |    47 |    30 ||    77
  Dodge: Dodged            |    23 |    63 |    94 |    51 ||   231
